AoeStats
← ASPROS

Glade

510872190Analyzed
1v1 RM · 5h ago on Oct 2, 2026· 41m 19s· 2 players
Game mode
Random Map
Map size
Tiny (2 player)
Population
200
Speed
Normal
Resources
Standard
Victory
Conquest
Starting age
Dark Age
Ending age
Imperial Age
RankedLock teamsTeams togetherTeam positionsShared explorationLock speedFull tech treeHidden civsTurbo modeCheats
Victory
Defeat
🇦🇷 Spanish · Argentina
983
+16
🇵🇪 Persians · Peru
993
-16
NE07HEKIN6
9:38 Feudal Age
10:14 Loom
10:22 Double-Bit Axe
10:25 Horse Collar
18:43 Castle Age
18:11 Forging
18:06 Scale Barding Armor
18:03 Fletching
18:33 Gold Mining
18:40 Stone Mining
19:47 Loom
21:26 Iron Casting
21:13 Chain Barding Armor
20:57 Padded Archer Armor
20:54 Bodkin Arrow
21:00 Padded Archer Armor
23:16 Bloodlines
23:17 Husbandry
23:51 Bow Saw
27:56 Inquisition
28:24 Chain Barding Armor
28:19 Leather Archer Armor
28:44 Stone Shaft Mining
34:09 Imperial Age
32:05 Ballistics
33:59 Wheelbarrow
33:12 Town Watch
37:06 Conscription
38:11 Chemistry
37:23 Masonry
39:29 Hand Cart
ASPROS
0:34 Loom
11:50 Feudal Age
16:39 Castle Age
14:27 Double-Bit Axe
17:27 Horse Collar
19:40 Elite Skirmisher
23:20 Fletching
25:23 Bodkin Arrow
26:14 Wheelbarrow
28:15 Heavy Plow
28:33 Thumb Ring
27:50 Pikeman
28:30 Gold Mining
35:24 Imperial Age
33:48 Bow Saw
33:00 Crossbowman
34:22 Forging
37:06 Chemistry
36:38 Hand Cart
37:35 Iron Casting
37:58 Ballistics
Connection lost

Rejoining the realm…

Still unreachable

The connection could not be restored.

Session expired

The server has moved on; the page needs a fresh start.